 Dungeon Crawl Stone Soup version 0.27.0-1-g7a089689b8 (webtiles) character file.

Game seed: 14425419336900386029

10390 ZombieSheep the Carver (level 11, -2/102 HPs)
             Began as a Minotaur Monk on Aug 4, 2021.
             Was a Follower of Ashenzari.
             Slain by a ten-headed hydra (5 damage)
             ... on level 1 of the Lair of Beasts on Aug 5, 2021.
             The game lasted 00:28:46 (10743 turns).

ZombieSheep the Carver (Minotaur Monk)             Turns: 10743, Time: 00:28:46

Health: -2/102     AC: 18    Str: 19    XL:     11   Next: 35%
Magic:  19/19      EV: 15    Int:  7    God:    Ashenzari [*.....]
Gold:   468        SH:  5    Dex: 13    Spells: 10/10 levels left

rFire    . . .     SeeInvis .   G - +3 scimitar (flame)
rCold    . . .     Faith    .   (no shield)
rNeg     . . .     Spirit   .   i - +0 swamp dragon scales
rPois    +         Reflect  +   (helmet restricted)
rElec    .         Harm     .   E - +0 cloak
rCorr    .         Rampage  .   (no gloves)
Will     .....                  s - +2 pair of boots "Fanaticism of Ashenzari" {Fly, Cun, Melee} (curse)
Stlth    +.........             u - amulet of reflection
HPRegen  0.27/turn              e - ring "Mantic Seeker" {MP+9, Comp, Cun} (curse)
MPRegen  0.16/turn              r - +4 ring of protection

@: flying, studying Long Blades
A: horns 2, retaliatory headbutt
a: Renounce Religion, Shatter the Chains


You were on level 1 of the Lair of Beasts.
You worshipped Ashenzari.
Ashenzari was aware of your devotion.
You visited 2 branches of the dungeon, and saw 11 of its levels.

You collected 468 gold pieces.

Inventory:

Hand Weapons
 j - a +0 falchion
 F - a +0 long sword
 G - a +3 scimitar of flaming (weapon)
Armour
 i - +0 swamp dragon scales (worn)
 o - a +0 chain mail
 s - the cursed +2 pair of boots "Fanaticism of Ashenzari" (worn) {Fly, Cun, Melee}
   (You acquired it on level 5 of the Dungeon)

   It has a curse which improves the following skills: Cunning: Dodging and
   Stealth.
   Melee Combat: Short Blades, Long Blades, Axes, Maces & Flails, Polearms,
   Staves and Unarmed Combat.
 y - a +0 kite shield
 z - +0 steam dragon scales
 A - a +0 kite shield
 E - a +0 cloak (worn)
Jewellery
 e - the cursed ring "Mantic Seeker" (left hand) {MP+9, Comp, Cun}
   (You found it on level 1 of the Dungeon)

   [ring of magical power]

   MP:        It affects your magic capacity (+9).
   It has a curse which improves the following skills: Companions: Summonings
   and Necromancy.
   Cunning:   Dodging and Stealth.
 r - a +4 ring of protection (right hand)
 u - an amulet of reflection (around neck)
Wands
 v - a wand of flame (27)
 x - a wand of paralysis (18)
 D - a wand of mindburst (7)
Scrolls
 b - a scroll of silence
 c - 3 scrolls of amnesia
 k - 2 scrolls of magic mapping
 m - a scroll of fog
 n - a scroll of teleportation
 p - a scroll of summoning
 B - 2 scrolls of enchant armour
Potions
 d - 3 potions of curing
 g - 3 potions of mutation
 h - a potion of brilliance
 l - a potion of haste
 q - a potion of heal wounds
 w - a potion of resistance
 C - a potion of cancellation


   Skills:
 + Level 11.2 Fighting
 + Level 13.1(13.9) Long Blades
 + Level 9.6 Armour
 + Level 9.5(11.0) Dodging
 - Level 1.5(2.7) Stealth
 + Level 7.2 Shields
 - Level 2.5 Evocations


You had 10 spell levels left.
You didn't know any spells.
Your spell library contained the following spells:

 Spells                   Type           Power      Damage    Failure   Level
 Blink                    Tloc           N/A        N/A       73%         2
 Slow                     Hex            0%         N/A       73%         2
 Confusing Touch          Hex            0%         N/A       91%         3
 Frozen Ramparts          Ice            0%         1d2       91%         3
 Ignite Poison            Fire/Tmut/Pois 0%         N/A       91%         3
 Mephitic Cloud           Conj/Pois/Air  0%         N/A       91%         3
 Animate Dead             Necr           0%         N/A       100%        4
 Ice Form                 Ice/Tmut       0%         N/A       100%        4
 Olgreb's Toxic Radiance  Pois           0%         N/A       100%        4
 Summon Ice Beast         Ice/Summ       0%         N/A       100%        4
 Bolt of Magma            Conj/Fire/Erth 0%         4d4       100%        5
 Borgnjor's Vile Clutch   Necr/Erth      0%         N/A       100%        5
 Manifold Assault         Tloc           0%         N/A       100%        5
 Yara's Violent Unravell  Hex/Tmut       0%         3d3       100%        5
 Death Channel            Necr           0%         N/A       100%        6
 Ozocubu's Refrigeration  Ice            0%         4d5       100%        7
 Storm Form               Tmut/Air       0%         N/A       100%        7
 Borgnjor's Revivificati  Necr           0%         N/A       100%        8
 Ignition                 Fire           0%         3d3       100%        8
 Necromutation            Tmut/Necr      0%         N/A       100%        8
 Death's Door             Necr           0%         N/A       100%        9


Dungeon Overview and Level Annotations

Branches:
Dungeon (10/15)            Temple (0/1) D:7            Lair (1/6) D:9
    Orc: D:9-12

Altars:
Ashenzari
Cheibriados
Elyvilon
Gozag
Kikubaaqudgha
Nemelex Xobeh
Qazlal
Ru
Vehumet
Wu Jian
Xom
The Shining One

Shops:
D:3 =

Annotations:
D:8 2 transporters, Grum; Rallik's ghost, novice FoFi
Lair:1 exclusion: oklob plant


Innate Abilities, Weirdness & Mutations

You have a pair of horns on your head.
You reflexively headbutt those who attack you in melee.


Message History

The eight-headed hydra misses you.
The eight-headed hydra bites you but does no damage.
The eight-headed hydra closely misses you.
You slice one of the eight-headed hydra's heads off!
The seven-headed hydra grows two more!
You slash the nine-headed hydra!
The nine-headed hydra is heavily wounded.
You lop one of the nine-headed hydra's heads off!
The eight-headed hydra grows two more!
You hit the ten-headed hydra.
The ten-headed hydra is moderately wounded.
The ten-headed hydra bites you. The ten-headed hydra bites you! x2
The ten-headed hydra misses you.
The ten-headed hydra completely misses you.
The ten-headed hydra bites you.
The ten-headed hydra bites you but does no damage. x2
The ten-headed hydra bites you!
The ten-headed hydra closely misses you.
Really remove and destroy the cursed +0 long sword "Abstinence of Ashenzari" {Melee, Range}?
You shatter the curse binding the cursed +0 long sword "Abstinence of Ashenzari" {Melee, Range}!
Ashenzari will no longer reveal the unseen.
The ten-headed hydra bites you.
The ten-headed hydra closely misses you.
The ten-headed hydra bites you! The ten-headed hydra bites you.
The ten-headed hydra bites you!
* * * LOW HITPOINT WARNING * * *
The ten-headed hydra bites you but does no damage.
The ten-headed hydra bites you.
* * * LOW HITPOINT WARNING * * *
The ten-headed hydra bites you but does no damage.
You block the ten-headed hydra's attack.
The ten-headed hydra bites you but does no damage.
Your +3 scimitar of flaming bursts into flame!
G - a +3 scimitar of flaming (weapon)
The ten-headed hydra bites you!
* * * LOW HITPOINT WARNING * * *
The ten-headed hydra bites you!
* * * LOW HITPOINT WARNING * * *
The ten-headed hydra bites you but does no damage.
The ten-headed hydra closely misses you.
The ten-headed hydra barely misses you. The ten-headed hydra bites you.
You die...

....######.##...##...#
####........####.....#
........#......#..#..#
...#............#....#
.#####...#.#........######
...#.#.#...##.....#####P.#
........#................###
....#....#..#...##.###...).#
....#.)......#.D@.........##
......#........########...#
.....##........* * #...##
.............#.,,, * #....#
....<.........* , *######
............#. ,
..........>.#. ,, , *
.......>...... , * , *
..............P.. ,*


You could see a ten-headed hydra.

Vanquished Creatures
  Erica (D:9)
  Joseph (D:9)
  Maurice (D:9)
  Maggie (Lair:1)
  5 komodo dragons
  A kobold demonologist (D:6)
  5 blink frogs (Lair:1)
  A wyvern (D:9)
  14 yaks
  2 steam dragons
  2 wargs
  5 water moccasins
  5 black bears
  3 orc warriors
  4 centaurs
  2 phantoms
  2 bullfrogs (D:8)
  2 gnoll sergeants
  A wyvern zombie (D:8)
  A water moccasin zombie (D:6)
  A wyvern skeleton (D:6)
  4 killer bees (D:8)
  An electric eel (D:8)
  A vampire bat (D:5)
  5 howler monkeys (D:7)
  3 centaur zombies
  A gnoll shaman (D:5)
  4 orc priests
  4 hounds
  2 jellies
  A bullfrog skeleton (D:6)
  An iguana (D:5)
  10 orc wizards
  2 killer bee zombies
  A hound zombie (D:5)
  A howler monkey zombie (D:9)
  3 adders
  15 gnolls
  2 shadow imps (D:7)
  A white imp (D:5)
  An ufetubus (D:4)
  A dart slug (D:1)
  3 fire bats (D:5)
  4 worms (D:2)
  24 orcs
  2 spectral bats (D:5)
  6 ball pythons
  11 bats
  3 bat skeletons (D:5)
  A bat zombie (D:5)
  5 endoplasms
  2 giant cockroaches
  8 goblins
  5 hobgoblins
  7 jackals
  6 kobolds
  6 quokkas
  A bat simulacrum (D:5)
  2 frilled lizards
  10 rats
230 creatures vanquished.

Vanquished Creatures (others)
  A fungus (Lair:1)
  11 plants
12 creatures vanquished.

Grand Total: 242 creatures vanquished

Notes
Turn   | Place    | Note
-------+----------+-------------------------------------------
     0 | D:1      | ZombieSheep the Minotaur Monk began the quest for the Orb.
     0 | D:1      | Reached XP level 1. HP: 19/19 MP: 0/0
    49 | D:1      | Reached XP level 2. HP: 27/27 MP: 1/1
   255 | D:1      | Reached skill level 1 in Armour
   313 | D:1      | Found a faded altar of an unknown god.
   323 | D:1      | Became a worshipper of Ashenzari the Shackled
   555 | D:1      | Reached skill level 4 in Long Blades
   756 | D:2      | Reached XP level 3. HP: 33/33 MP: 2/2
  1234 | D:2      | Found a sparkling altar of Nemelex Xobeh.
  1252 | D:2      | Reached * piety under Ashenzari
  1597 | D:2      | Reached XP level 4. HP: 37/41 MP: 3/3
  1994 | D:3      | Reached skill level 5 in Fighting
  2053 | D:3      | Found a glowing golden altar of the Shining One.
  2118 | D:3      | Found a sparkling altar of Nemelex Xobeh.
  2223 | D:3      | Found Xeuxog's Jewellery Boutique.
  2263 | D:3      | Reached ** piety under Ashenzari
  2364 | D:3      | Found an ornate altar of the Wu Jian Council.
  2503 | D:3      | Found a white marble altar of Elyvilon.
  2503 | D:3      | Found a shimmering altar of Xom.
  2658 | D:3      | Found a snail-covered altar of Cheibriados.
  2765 | D:4      | Reached XP level 5. HP: 48/48 MP: 4/4
  2934 | D:4      | Noticed a phantom
  2946 | D:4      | Killed a phantom
  3044 | D:4      | Reached XP level 6. HP: 57/57 MP: 5/5
  3068 | D:4      | Reached skill level 5 in Long Blades
  3907 | D:5      | Entered Level 5 of the Dungeon
  4102 | D:5      | Found a stormy altar of Qazlal.
  4169 | D:5      | Identified 2 scrolls of acquirement
  4184 | D:5      | Reached XP level 7. HP: 47/64 MP: 6/6
  4271 | D:5      | Acquired a +2 pair of boots of flying
  4272 | D:5      | Acquired a manual of Long Blades
  4430 | D:5      | Reached skill level 5 in Dodging
  4536 | D:5      | Reached skill level 6 in Long Blades
  4886 | D:6      | Found a sacrificial altar of Ru.
  5043 | D:6      | Found an opulent altar of Gozag.
  5061 | D:6      | Reached XP level 8. HP: 74/74 MP: 7/7
  5075 | D:6      | Reached skill level 7 in Long Blades
  5082 | D:6      | Noticed a kobold demonologist
  5088 | D:6      | Killed a kobold demonologist
  5089 | D:6      | Reached skill level 5 in Armour
  5089 | D:6      | Reached skill level 1 in Evocations
  5335 | D:7      | Found a staircase to the Ecumenical Temple.
  5481 | D:7      | Reached skill level 8 in Long Blades
  5873 | D:7      | Found an ancient bone altar of Kikubaaqudgha.
  6057 | D:7      | Noticed a komodo dragon
  6071 | D:7      | Killed a komodo dragon
  6072 | D:7      | Reached skill level 9 in Long Blades
  6072 | D:7      | Reached skill level 1 in Shields
  6072 | D:7      | Reached XP level 9. HP: 82/82 MP: 8/8
  6235 | D:7      | Found a radiant altar of Vehumet.
  6487 | D:8      | Noticed Grum
  6793 | D:8      | Reached skill level 10 in Long Blades
  7665 | D:8      | Identified the ring "Unagaaf" {rPois rC+ Will+}
  7669 | D:8      | Found a transporter.
  7674 | D:8      | Found a transporter.
  7683 | D:8      | Noticed Rallik's ghost (novice FoFi)
  7890 | D:9      | Noticed Maurice
  7900 | D:9      | Killed Maurice
  7901 | D:9      | Reached XP level 10. HP: 93/93 MP: 9/9
  8065 | D:9      | Found a staircase to the Lair.
  8099 | D:9      | Reached skill level 11 in Long Blades
  8156 | D:9      | Reached skill level 10 in Fighting
  8314 | D:9      | Reached skill level 5 in Shields
  8499 | D:9      | Noticed Joseph
  8510 | D:9      | Killed Joseph
  8849 | D:9      | Noticed Erica
  8861 | D:9      | Killed Erica
  8862 | D:9      | Reached skill level 12 in Long Blades
  9179 | D:10     | Entered Level 10 of the Dungeon
  9181 | D:10     | Noticed a death knight
  9197 | Lair:1   | Entered Level 1 of the Lair of Beasts
  9475 | Lair:1   | Identified the +7 great mace of Corruption {vorpal, *Noise
                  | rN+ Int+3 Stlth+}
  9477 | Lair:1   | Noticed Maggie
  9741 | Lair:1   | Reached XP level 11. HP: 68/101 MP: 10/10
  9993 | Lair:1   | Killed Maggie
 10227 | Lair:1   | Reached skill level 13 in Long Blades
 10293 | Lair:1   | Noticed an oklob plant
 10729 | Lair:1   | Noticed a four-headed hydra
 10743 | Lair:1   | HP: 3/102 [ten-headed hydra (13)]
 10743 | Lair:1   | Slain by a ten-headed hydra

Illustrated notes

Levels and vault maps discovered:
D:1:      minmay_arrival_radiant_lines, layout_basic,
          ebering_ecumenical_altar_webs, serial_curves, eino_curves_03,
          eino_curves_02
D:2:      layout_loops_ring, basic_altar, minmay_box_of_dots
D:3:      layout_rooms, nicolae_tso_carved_into_rock,
          mainiacjoe_overflow_divided_tiny, mainiacjoe_overflow_alcove_2,
          nicolae_overflow_hidden_temple, nemelex_xobeh_ov_fountains_minmay,
          serial_shops, shop, minmay_diced_spiral
D:4:      layout_loops_ring, serial_glass, glass_columns_a, glass_columns_b,
          minivault_11
D:5:      layout_rooms, mainiacjoe_overflow_brackets, minivault_26,
          goddamned_bats
D:6:      layout_rooms, nicolae_ru_great_annihilating_truth,
          mainiacjoe_overflow_six_doors_small
D:7:      layout_loops_ring, marbit_many_paths, lemuel_tele_altar,
          minmay_temple_entry_butterflies, hangedman_decor_diamond_cutter,
          solitary_fountain
D:8:      layout_loops_ring, gammafunk_ghost_gnarly_gnolls,
          nicolae_water_bricks, grunt_ministairs_12
D:9:      layout_small_grid, erik_lair_orcish_takeover,
          hangedman_abyss_or_decor_stabs, uniq_maurice, uniq_joseph, uniq_erica
D:10:     minmay_statue_hallways, layout_loops_ring, david_orc_2, enter_trove_0,
          biasface_ghost_orc_armoury
Lair:1:   layout_misc_corridors, beast_lair_carwin_8, minmay_lair_oklob_chamber,
          serial_bayou_shore_a, uniq_maggie

Skill      XL: |  1  2  3  4  5  6  7  8  9 10 11 |
---------------+----------------------------------+-----
Fighting       | 4 5 6 7 8 9 10 11 | 11.2
Armour         | 1 2 3 4 6 7 9 |  9.6
Long Blades    | 4 5 6 9 10 12 13 | 13.1
Dodging        | 4 5 6 7 9 |  9.5
Evocations     | 2 |  2.5
Shields        | 1 4 6 7 |  7.2
Stealth        | |  1.5

Action                   |  1- 3 |  4- 6 |  7- 9 | 10-12 || total
-------------------------+-------+-------+-------+-------++-------
Melee: Falchion          |    82 |       |       |       ||    82
       Headbutt          |    16 |    37 |    64 |    78 ||   195
       Long sword        |     5 |   165 |   291 |   272 ||   733
Invok: Curse Item        |     2 |     1 |     1 |       ||     4
       Shatter the Chain |       |       |       |     2 ||     2
Evoke: Wand              |       |       |     5 |    13 ||    18
  Use: Scroll            |       |       |     3 |     3 ||     6
       Potion            |       |       |     2 |     1 ||     3
 Stab: Sleeping          |     1 |       |       |       ||     1
       Paralysed         |       |       |    11 |       ||    11
Armor: Robe              |     2 |       |       |       ||     2
       Chain mail        |    31 |   105 |   172 |    86 ||   394
       Swamp dragon scal |       |       |       |    22 ||    22
Dodge: Dodged            |    43 |    78 |   128 |   108 ||   357
Block: Other             |       |       |    34 |    54 ||    88
       Reflection        |       |       |       |     2 ||     2
       Rpst.: Falchion   |    12 |       |       |       ||    12
       Long sword        |       |    24 |    41 |    27 ||    92
